 Dungeon Crawl Stone Soup version 0.16.2-12-gd0ad4c3 (webtiles) character file.

23 faibistes the Magician (level 2, 0/15 HPs)
             Began as a Deep Elf Wizard on Jan 26, 2019.
             Hit by a goblin thrown by Robin (1 damage)
             ... on level 1 of the Dungeon.
             The game lasted 00:02:11 (1313 turns).

faibistes the Magician (Deep Elf Wizard)            Turns: 1313, Time: 00:02:11

Health: 0/15       AC:  2    Str:  4    XL:     2   Next: 75%
Magic:  1/10       EV: 13    Int: 22    God:
Gold:   38         SH:  0    Dex: 13    Spells: 3 memorised, 5 levels left

rFire  . . .     SeeInvis .     h - +0 dagger
rCold  . . .     Clarity  .     a - +0 robe
rNeg   . . .     SustAb   .     (no shield)
rPois  .         Gourm    .     b - +0 hat
rElec  .         Spirit   .     (no cloak)
rCorr  .         Warding  .     (no gloves)
rMut   .         Stasis   .     (no boots)
MR     .....                    (no amulet)
Stlth  ++........               (no ring)
                                (no ring)

@: not resistant to hostile enchantments, unstealthy
A: no striking features
a: no special abilities


You were on level 1 of the Dungeon.
You were not hungry.

You visited 1 branch of the dungeon, and saw 2 of its levels.

You collected 38 gold pieces.

Inventory:

Hand weapons
 g - a +0 club
 h - a +0 dagger (weapon)
Armour
 a - a +0 robe (worn)
 b - a +0 hat (worn)
Scrolls
 e - a scroll of identify {unknown}
 j - a scroll of magic mapping {unknown}
 l - a scroll of amnesia {unknown}
Potions
 f - a potion of restore abilities {unknown}
 k - a potion of might {unknown}
Books
 c - a book of Minor Magic

   Spells                             Type                      Level
   a - Magic Dart                     Conjuration                  1
   b - Blink                          Translocation                2
   c - Call Imp                       Summoning                    2
   d - Repel Missiles                 Charms/Air                   2
   e - Slow                           Hexes                        2
   f - Conjure Flame                  Conjuration/Fire             3
   g - Mephitic Cloud                 Conjuration/Poison/Air       3
Comestibles
 d - a bread ration
 i - 2 chunks of flesh
 m - a beef jerky


   Skills:
 + Level 3.0 Dodging
 - Level 2.4 Stealth
 * Level 4.9 Spellcasting
 * Level 1.9 Conjurations
 - Level 1.1 Summonings
 - Level 1.1 Translocations


You had 5 spell levels left.
You knew the following spells:

 Your Spells              Type           Power        Failure   Level  Hunger
a - Magic Dart            Conj           ##..         6%          1    None
c - Call Imp              Summ           ##......     12%         2    None
d - Blink                 Tloc           N/A          12%         2    None


Dungeon Overview and Level Annotations

Branches:
Dungeon (2/15)

Altars:

Annotations:
D:1 Robin


Message History

The hobgoblin misses you. The goblin hits you.
* * * LOW HITPOINT WARNING * * *
The hobgoblin hits you.
* * * LOW HITPOINT WARNING * * *
Your crimson imp barely misses the hobgoblin.
Casting: Call Imp
Confirm with . or Enter, or press ? or * to list all spells.
You blink.
The hobgoblin completely misses something.
The hobgoblin hits something but does no damage.
Casting: Blink
Confirm with . or Enter, or press ? or * to list all spells.
A beastly little devil appears in a puff of flame.
The goblin completely misses your crimson imp.
Something barely misses your crimson imp.
The hobgoblin barely misses your crimson imp.
Your crimson imp blinks!
Robin hits something with a spear.
Robin throws the goblin at you!
You die...

....##.#...............#
.....'.####.#..........##
.#####..................#### ##
######................# #
#........###5.......# #
#........###........# #
#....................# #
#..........g.#..g....#### #
#.........@...5g........# #
#.............####g.###.# ###
#.............#.......#.# ..#
#.............#.###5..#.#
..#####.............#)####5.#.###
......)......###....#).....>.....
..#####...##.###....#########.###
...............'....# #.......##
....###.####.###....####.........


You could see Robin, 2 hobgoblins, a goblin (frenzied) and 2 friendly crimson
imps.

Vanquished Creatures
  2 goblins (D:1)
  5 hobgoblins (D:1)
  3 jackals (D:1)
  4 bats (D:1)
  A giant newt (D:1)
  4 kobolds (D:1)
19 creatures vanquished.

Vanquished Creatures (collateral kills)
  2 goblins (D:1)
  A hobgoblin (D:1)
  A jackal (D:1)
4 creatures vanquished.

Grand Total: 23 creatures vanquished

Notes
Turn   | Place    | Note
--------------------------------------------------------------
     0 | D:1      | faibistes, the Deep Elf Wizard, began the quest for the Orb.
     0 | D:1      | Reached XP level 1. HP: 10/10 MP: 6/6
   490 | D:1      | Reached XP level 2. HP: 15/15 MP: 4/9
   494 | D:1      | Learned a level 2 spell: Blink
   497 | D:1      | Learned a level 2 spell: Call Imp
  1057 | D:2      | Noticed Robin
  1313 | D:1      | Hit by a goblin thrown by Robin

Action                   || total
-------------------------++-------
Melee: Club              ||     4
       Dagger            ||     1
 Cast: Magic Dart        ||    44
       Call Imp          ||     8
       Blink             ||     3
  Eat: Chunk             ||     1
